 Dungeon Crawl Stone Soup version 0.28.0-45-g0d030f2227 (webtiles) character file.

Game seed: 17646868714285200113

11 deveboy the Skirmisher (level 2, -9/28 HPs)
             Began as a Minotaur Berserker on Apr 22, 2022.
             Was a Follower of the Shining One.
             Mangled by a black bear (11 damage)
             ... created by the rage of Trog
             ... on level 1 of the Dungeon.
             The game lasted 00:05:35 (551 turns).

deveboy the Skirmisher (Minotaur Berserker)          Turns: 551, Time: 00:05:42

Health: -9/28      AC:  2    Str: 21    XL:     2   Next: 13%
Magic:  1/1        EV: 12    Int:  4    God:    the Shining One [*.....]
Gold:   0          SH:  0    Dex:  9    Spells: 1/1 levels left

rFire   . . .      SeeInvis .   a - +0 mace
rCold   . . .      Faith    .   (no shield)
rNeg    . . .      Spirit   .   b - +0 animal skin
rPois   .          Reflect  .   (helmet restricted)
rElec   .          Harm     .   (no cloak)
rCorr   .          Rampage  .   (no gloves)
Will    .....                   (no boots)
Stlth   +.........              (no amulet)
HPRegen 0.09/turn               (no ring)
MPRegen 0.07/turn               (no ring)

@: slowed, glowing, very slow
A: horns 2, retaliatory headbutt
a: Renounce Religion, Divine Shield


You were on level 1 of the Dungeon.
You worshipped the Shining One.
The Shining One was aware of your devotion.
You visited 1 branch of the dungeon, and saw 1 of its levels.

Inventory:

Hand Weapons
 a - a +0 mace (weapon)
Armour
 b - a +0 animal skin (worn)
Scrolls
 d - a scroll of blinking {unknown}
 e - a scroll of enchant weapon {unknown}
Potions
 c - a potion of heal wounds {unknown}


   Skills:
 * Level 4.4 Fighting
 - Level 3.6 Maces & Flails
 - Level 2.4 Armour
 - Level 2.1 Dodging


You had one spell level left.
You didn't know any spells.
Your spell library was empty.

Dungeon Overview and Level Annotations

Branches:
Dungeon (1/15)

Altars:
The Shining One


Innate Abilities, Weirdness & Mutations

You have a pair of horns on your head.
You reflexively headbutt those who attack you in melee.


Message History

The Shining One welcomes you!
You and your allies can now gain power from killing the unholy and evil.
You can now call upon the Shining One for a divine shield.
Found a runed scale mail.
Okay, then.
There is a dry fountain here.
A frilled lizard comes into view.
You sock the frilled lizard!
You kill the frilled lizard!
You see here a frilled lizard corpse.
There's nothing to open nearby.
There's nothing to open nearby.
Found a stone staircase leading down.
An endoplasm comes into view.
Found a murky silvery potion.
The endoplasm quivers.
You see here a murky silvery potion.
You hit the endoplasm but do no damage. The endoplasm barely misses you.
You hit the endoplasm.
The endoplasm is almost dead.
The endoplasm freezes you.
You are frozen.
The endoplasm hits you.
You hit the endoplasm.
You kill the endoplasm!
A bat comes into view.
The bat hits you but does no damage. The bat completely misses you.
Trog sends monsters to punish you.
The divine experience drains your vigour!
You feel yourself slow down.
A polar bear and 2 black bears come into view.
The bat barely misses you.
You hit the black bear. You headbutt the black bear!
The black bear is moderately wounded.
The bat closely misses you. The bat hits you. The black bear bites you.
The black bear claws you. x2; The black bear bites you.
The black bear claws you!
* * * LOW HITPOINT WARNING * * *
The black bear barely misses you. The black bear bites you!
You die...

..# #.# #.#
..#.###.###################
...........................
..#.###.###################
# #.# .. #.###.#####.#
..#....hhb@h..#
........####### ..##>##.#
... ..# .... ...# ... ....#
......... ....... .#######


You could see a polar bear (berserk), 2 black bears and a bat.

Vanquished Creatures
  An endoplasm (D:1)
  A giant cockroach (D:1)
  A goblin (D:1)
  A hobgoblin (D:1)
  2 quokkas (D:1)
  A ball python (D:1)
  A frilled lizard (D:1)
  A kobold (D:1)
  A rat (D:1)
10 creatures vanquished.

Vanquished Creatures (others)
  A fungus (D:1)
1 creature vanquished.

Grand Total: 11 creatures vanquished

Notes
Turn   | Place    | Note
-------+----------+-------------------------------------------
     0 | D:1      | deveboy the Minotaur Berserker began the quest for the Orb.
     0 | D:1      | Reached XP level 1. HP: 19/19 MP: 0/0
   327 | D:1      | Reached skill level 4 in Fighting
   419 | D:1      | Reached XP level 2. HP: 23/28 MP: 1/1
   474 | D:1      | Found a faded altar of an unknown god.
   480 | D:1      | Prayed at the altar of an unknown god.
   480 | D:1      | Fell from the grace of Trog
   480 | D:1      | Became a worshipper of the Shining One
   480 | D:1      | Reached * piety under the Shining One
   550 | D:1      | Noticed a polar bear
   550 | D:1      | Noticed a black bear
   550 | D:1      | Noticed a black bear
   551 | D:1      | Mangled by a black bear

Illustrated notes

Levels and vault maps discovered:
D:1:      elethiomel_arrival_infinity_welcomes_careful_drivers,
          layout_loops_ring, serial_shops, shop,
          shapermc_ecumenical_altar_acropolis

Skill      XL: |  1 |
---------------+----+-----
Fighting       | 4 |  4.4
Maces & Flails | |  3.6
Armour         | |  2.4
Dodging        | |  2.1

Action                   || total
-------------------------++-------
Melee: Mace              ||    18
       Headbutt          ||     3
Armor: Animal skin       ||     3
Dodge: Dodged            ||     8
